Map: Daybreak LE (Void)

Players

MCanning - Winner!

  • Race: Protoss Protoss
  • League: Master
  • Spawn Location: 7:00

wiNgiAN

  • Race: Protoss Protoss
  • League: Master
  • Spawn Location: 1:00

VOD

Have the link to the VOD?

Description

Time

  • Played on: Dec. 22, 2016, 1:28 a.m.
  • Length: 14:39
Show
View Real Time Build Order
Export as new Build Order

MCanning Protoss - Winner!

Build Orders:  

Get SALT Encoding   

  12  0:00  Probe (Chrono Boost)  
  13  0:11  Probe (Chrono Boost)  
  14  0:24  Probe (Chrono Boost)  
  14  0:25  Pylon  
  15  0:43  Gateway, Probe (Chrono Boost)  
  16  0:53  Probe (Chrono Boost)  
  16  0:55  Assimilator  
  18  1:04  Probe (Chrono Boost)  
  18  1:14  Probe (Chrono Boost)  
  19  1:24  Gateway  
  19  1:27  Assimilator, Probe (Chrono Boost)  
  19  1:31  Cybernetics Core  
  20  1:37  Probe (Chrono Boost)  
  21  1:43  Pylon  
  21  1:48  Probe (Chrono Boost)  
  22  1:58  Probe (Chrono Boost)  
  23  2:09  Mothership Core (Chrono Boost), Stalker  
  27  2:18  Warp Gate, Pylon  
  27  2:21  Stalker  
  29  2:28  Probe (Chrono Boost)  
  30  2:38  Probe (Chrono Boost)  
  31  2:58  Nexus  
  31  3:03  Stalker  
  33  3:10  Stalker  
  35  3:32  Probe (Chrono Boost)  
  36  3:40  Robotics Facility  
  36  3:43  Probe (Chrono Boost)  
  35  3:52  Sentry x2  
  39  3:57  Pylon  
  39  4:00  Probe (Chrono Boost)  
  39  4:08  Twilight Council  
  39  4:11  Probe (Chrono Boost)  
  39  4:12  Probe (Chrono Boost)  
  41  4:21  Probe (Chrono Boost)  
  41  4:23  Probe (Chrono Boost)  
  43  4:28  Observer  
  43  4:30  Sentry  
  46  4:32  Probe (Chrono Boost)  
  46  4:33  Probe (Chrono Boost)  
  48  4:42  Probe (Chrono Boost)  
  48  4:44  Probe (Chrono Boost)  
  50  4:47  Stalker  
  50  4:52  Blink  
  52  4:53  Probe (Chrono Boost)  
  52  4:54  Probe (Chrono Boost)  
  52  4:57  Forge  
  54  5:04  Probe (Chrono Boost)  
  54  5:05  Probe (Chrono Boost)  
  56  5:14  Gateway x2  
  56  5:15  Probe (Chrono Boost)  
  56  5:16  Probe (Chrono Boost)  
  58  5:26  Probe (Chrono Boost)  
  60  5:28  Probe (Chrono Boost)  
  60  5:33  Assimilator  
  60  5:34  Protoss Ground Weapons Level 1  
  60  5:35  Assimilator  
  60  5:36  Probe (Chrono Boost)  
  60  5:39  Pylon  
  60  5:41  Probe (Chrono Boost)  
  62  5:46  Pylon  
  62  5:50  Pylon  
  62  5:57  Probe (Chrono Boost)  
  62  5:59  Probe (Chrono Boost)  
  62  6:02  Robotics Bay  
  62  6:04  Gateway  
  64  6:08  Gateway, Probe (Chrono Boost)  
  66  6:12  Probe (Chrono Boost)  
  66  6:13  Pylon  
  66  6:22  Pylon  
  66  6:24  Stalker x4  
  74  6:43  Nexus  
  74  6:44  Pylon  
  74  6:46  Disruptor  
  77  6:55  Robotics Facility  
  77  7:01  Probe (Chrono Boost)  
  78  7:05  Probe (Chrono Boost)  
  79  7:13  Zealot x3, Probe (Chrono Boost)  
  87  7:17  Probe (Chrono Boost), Disruptor  
  90  7:24  Pylon  
  90  7:25  Probe (Chrono Boost)  
  90  7:29  Probe (Chrono Boost)  
  92  7:31  Pylon, Stalker  
  92  7:36  Protoss Ground Weapons Level 2  
  95  7:37  Probe (Chrono Boost)  
  95  7:40  Disruptor  
  95  7:41  Probe (Chrono Boost)  
  96  7:48  Warp Prism  
  96  7:49  Probe (Chrono Boost)  
  98  7:53  Probe (Chrono Boost)  
  101  8:02  Stalker x3  
  101  8:03  Stalker  
  105  8:10  Zealot  
  105  8:11  Disruptor  
  107  8:12  Stalker  
  112  8:24  Disruptor  
  112  8:25  Probe (Chrono Boost)  
  113  8:31  Assimilator  
  113  8:33  Zealot  
  117  8:35  Assimilator  
  117  8:45  Stalker x5  
  128  8:49  Probe (Chrono Boost)  
  128  8:50  Photon Cannon x2  
  114  9:08  Stalker x4  
  114  9:09  Stalker  
  120  9:14  Probe (Chrono Boost)  
  120  9:15  Photon Cannon  
  121  9:19  Probe (Chrono Boost), Disruptor  
  121  9:23  Pylon  
  125  9:29  Disruptor  
  123  9:37  Probe (Chrono Boost)  
  127  9:44  Stalker x2  
  127  9:45  Protoss Ground Weapons Level 3, Stalker x3  
  122  9:56  Zealot  
  122  9:57  Photon Cannon  
  124  10:10  Disruptor  
  124  10:18  Nexus  
  125  10:21  Pylon  
  125  10:25  Stalker x2  
  125  10:26  Stalker  
  131  10:29  Adept x2  
  131  10:30  Adept  
  131  10:33  Pylon  
  131  10:34  Disruptor  
  140  10:42  Stargate  
  140  10:45  Assimilator  
  140  10:51  Assimilator  
  140  10:54  Stalker x4  
  148  11:04  Disruptor  
  146  11:12  Pylon  
  146  11:13  Pylon, Probe (Chrono Boost)  
  146  11:19  Adept x2  
  146  11:20  Adept x2  
  146  11:21  Disruptor  
  148  11:25  Oracle  
  148  11:28  Probe (Chrono Boost)  
  155  11:33  Stalker  
  155  11:34  Stalker  
  159  11:43  Disruptor  
  150  11:48  Zealot  
  150  11:49  Stalker  
  150  11:50  Stalker  
  150  11:53  Disruptor  
  150  12:03  Stalker x3  
  146  12:14  Stalker x2  
  146  12:15  Pylon, Stalker  
  152  12:18  Disruptor  
  152  12:32  Stalker, Disruptor  
  152  12:33  Stalker x2  
  156  12:58  Stalker x6  
  157  12:59  Oracle  
  166  13:11  Photon Cannon  
  166  13:12  Probe (Chrono Boost)  
  167  13:13  Pylon  
  167  13:16  Probe (Chrono Boost)  
  167  13:21  Stalker x3  
  167  13:22  Stalker x3  
  179  13:30  Oracle  
  176  13:46  Disruptor  
  176  13:47  Stalker x5  
  175  14:10  Probe (Chrono Boost)  
  175  14:15  Stalker x3  
  175  14:16  Stalker x3  
Show
View Real Time Build Order
Export as new Build Order

wiNgiAN Protoss 

Build Orders:  

Get SALT Encoding   

  12  0:01  Probe (Chrono Boost)  
  13  0:11  Probe (Chrono Boost)  
  14  0:17  Pylon  
  14  0:22  Probe (Chrono Boost)  
  15  0:36  Gateway, Probe (Chrono Boost)  
  15  0:42  Assimilator  
  16  0:46  Probe (Chrono Boost)  
  17  0:57  Probe (Chrono Boost)  
  17  0:58  Assimilator  
  18  1:08  Gateway, Probe (Chrono Boost)  
  19  1:19  Probe (Chrono Boost)  
  19  1:23  Cybernetics Core  
  20  1:29  Probe (Chrono Boost)  
  21  1:37  Pylon  
  21  1:40  Probe (Chrono Boost)  
  22  1:48  Warp Gate  
  22  1:50  Probe (Chrono Boost)  
  25  2:01  Mothership Core (Chrono Boost), Stalker  
  27  2:09  Stalker  
  29  2:16  Pylon  
  29  2:32  Stalker  
  31  2:39  Stalker  
  33  2:59  Nexus  
  31  3:28  Robotics Facility  
  29  3:39  Probe (Chrono Boost)  
  34  3:46  Twilight Council  
  30  3:51  Probe (Chrono Boost)  
  30  3:53  Stalker  
  30  3:55  Pylon, Stalker  
  36  4:03  Probe (Chrono Boost)  
  36  4:08  Blink  
  36  4:13  Probe (Chrono Boost)  
  36  4:15  Probe (Chrono Boost)  
  37  4:17  Observer  
  38  4:27  Probe x2 (Chrono Boost)  
  40  4:32  Stalker  
  40  4:38  Stalker  
  46  4:39  Probe x2 (Chrono Boost)  
  46  4:40  Observer  
  47  4:51  Probe x2 (Chrono Boost)  
  49  5:00  Assimilator  
  49  5:01  Assimilator  
  49  5:03  Pylon, Probe x2 (Chrono Boost)  
  51  5:16  Robotics Bay, Probe (Chrono Boost)  
  51  5:18  Pylon  
  51  5:20  Probe (Chrono Boost)  
  54  5:28  Probe (Chrono Boost)  
  54  5:32  Probe (Chrono Boost)  
  54  5:39  Gateway  
  54  5:40  Gateway, Probe (Chrono Boost)  
  56  5:44  Forge, Probe (Chrono Boost)  
  56  5:45  Observer  
  57  5:54  Probe (Chrono Boost)  
  57  5:56  Probe (Chrono Boost)  
  59  5:58  Observer Gravitic Boosters  
  59  6:01  Disruptor  
  59  6:06  Probe (Chrono Boost)  
  63  6:13  Protoss Ground Weapons Level 1  
  63  6:15  Probe (Chrono Boost)  
  64  6:26  Pylon  
  64  6:29  Probe x2 (Chrono Boost)  
  64  6:30  Pylon  
  66  6:34  Disruptor  
  69  6:42  Nexus  
  69  6:44  Pylon  
  69  6:54  Robotics Facility  
  71  7:02  Probe x2 (Chrono Boost)  
  71  7:06  Disruptor  
  74  7:16  Stalker  
  74  7:17  Stalker x3  
  82  7:33  Probe (Chrono Boost)  
  82  7:34  Probe (Chrono Boost)  
  84  7:43  Disruptor x2  
  85  7:45  Probe (Chrono Boost)  
  91  7:53  Probe (Chrono Boost)  
  91  7:54  Assimilator  
  91  7:55  Probe (Chrono Boost)  
  91  7:57  Probe (Chrono Boost)  
  91  7:58  Assimilator  
  96  8:05  Probe x2 (Chrono Boost)  
  96  8:08  Stalker  
  96  8:09  Protoss Ground Weapons Level 2, Stalker x3  
  104  8:17  Gateway x2  
  104  8:19  Observer x2  
  104  8:20  Gateway  
  106  8:35  Pylon  
  106  8:43  Disruptor x2  
  92  9:06  Stalker x4  
  95  9:10  Gateway  
  95  9:11  Gateway  
  95  9:12  Gateway  
  95  9:14  Disruptor x2  
  95  9:16  Probe (Chrono Boost)  
  98  9:18  Probe x2 (Chrono Boost)  
  98  9:22  Gateway  
  98  9:24  Gateway  
  104  9:46  Stalker x4  
  104  9:47  Stalker x3  
  104  9:48  Disruptor  
  104  9:49  Disruptor  
  118  9:54  Photon Cannon  
  124  10:16  Protoss Ground Weapons Level 3  
  124  10:36  Pylon  
  124  10:37  Pylon  
  124  10:39  Pylon  
  124  10:45  Pylon, Disruptor  
  124  10:47  Pylon  
  124  10:49  Pylon, Disruptor  
  124  10:51  Pylon  
  124  10:55  Stalker x2  
  124  10:56  Stalker x5  
  139  11:09  Photon Cannon  
  138  11:17  Stalker x3  
  138  11:28  Stalker x5  
  138  11:29  Observer x2, Stalker  
  152  11:47  Stalker x4  
  122  12:05  Disruptor x2  
  122  12:14  Nexus  
  128  12:17  Pylon  
  127  12:36  Disruptor x2  
  91  13:01  Stalker  
  91  13:02  Stalker x4  
  91  13:03  Stalker  
  103  13:07  Disruptor x2  
  109  13:22  Stalker  
  109  13:23  Stalker x2  
  109  13:46  Stalker x5  
  109  13:48  Disruptor  
  89  14:16  Probe (Chrono Boost)  
  90  14:19  Probe x3 (Chrono Boost)  
Tags
 
Add a new tag
Caveats
  • Supply blocks, unpowered buildings, or Contaminate may cause inaccurate times.
  • Supply counts are checked every 10 seconds.